Map: Catallena LE (Void)

Players

MightyKiwi - Winner!

  • Race: Zerg Zerg
  • Spawn Location: 12:00

ZergGirl

  • Race: Zerg Zerg
  • Spawn Location: 5:00

Event: WCS Montreal 2017

VOD

Have the link to the VOD?

Description

Time

  • Played on: Sept. 8, 2017, 11:26 a.m.
  • Length: 11:44

All games in this series

Show
View Real Time Build Order
Export as new Build Order

MightyKiwi Zerg - Winner!

Build Orders: 1 Base Baneling Bust, Pool First, Zergling Baneling 

Get SALT Encoding   

  12  0:00  Drone  
  13  0:09  Extractor  
  12  0:26  Spawning Pool  
  11  0:28  Drone  
  11  0:33  Drone  
  13  0:39  Drone  
  14  0:53  Overlord  
  14  1:14  Metabolic Boost  
  14  1:16  Zergling x4  
  14  1:18  Zergling x2  
  17  1:30  Baneling Nest  
  17  1:32  Zergling x2  
  17  1:45  Zergling x2  
  18  1:51  Zergling x2  
  19  1:56  Queen  
  21  2:07  Overlord  
  21  2:16  Baneling x2  
  21  2:28  Zergling x4  
  22  2:43  Baneling x3  
  22  2:54  Zergling x6  
  24  3:07  Zergling x2  
  24  3:08  Zergling x4  
  25  3:26  Zergling x4  
  23  3:30  Baneling  
  23  3:39  Zergling x2  
  23  3:43  Baneling  
  23  3:44  Baneling x2  
  23  3:49  Zergling x2  
  23  3:55  Baneling x3  
  24  3:58  Zergling x2  
  24  4:00  Zergling x6  
  23  4:11  Zergling x2  
  24  4:34  Drone, Hatchery  
  21  4:47  Drone  
  21  4:48  Drone x2  
  19  4:53  Drone  
  19  4:57  Drone  
  21  5:01  Drone  
  22  5:07  Baneling  
  22  5:08  Baneling  
  22  5:09  Zergling x2  
  23  5:15  Zergling x2  
  23  5:16  Zergling x2  
  25  5:25  Zergling x2  
  25  5:31  Zergling x2  
  25  5:32  Zergling x4  
  25  5:34  Baneling x3  
  28  5:42  Overlord  
  27  6:00  Drone x6  
  33  6:11  Queen  
  33  6:16  Drone x2  
  37  6:20  Drone  
  38  6:27  Drone x2  
  40  6:38  Roach Warren  
  38  6:49  Drone  
  38  6:50  Drone x5  
  38  6:52  Overlord  
  38  6:53  Extractor  
  43  7:03  Overlord  
  43  7:08  Baneling x2  
  43  7:13  Lair  
  43  7:16  Drone x3  
  46  7:25  Drone x6  
  46  7:26  Evolution Chamber  
  51  7:44  Drone  
  51  7:46  Extractor  
  51  7:50  Overlord  
  51  7:52  Hatchery  
  50  7:59  Zerg Missile Weapons Level 1  
  50  8:01  Overlord  
  50  8:03  Roach x5  
  60  8:10  Zergling x8  
  60  8:15  Glial Reconstitution  
  60  8:22  Roach x3  
  66  8:37  Roach x4, Hatchery  
  66  8:40  Unknown  
  71  8:44  Extractor  
  71  8:47  Roach x2  
  74  8:49  Overlord x2  
  74  8:54  Baneling  
  74  8:55  Baneling x2  
  74  9:00  Zergling x4  
  76  9:10  Roach x3  
  82  9:23  Roach  
  82  9:24  Roach x5  
  92  9:35  Overlord x2  
  90  9:49  Roach x2  
  90  9:50  Roach x2  
  88  9:59  Roach x2  
  84  10:04  Roach x2  
  78  10:07  Queen  
  78  10:09  Drone x2  
  78  10:12  Roach x4  
  90  10:16  Ravager x5  
  95  10:21  Drone  
  95  10:22  Drone x2  
  95  10:27  Roach x2  
  102  10:39  Roach x2  
  102  10:41  Overlord  
  106  10:50  Roach  
  106  10:51  Roach x2  
  106  10:53  Overlord  
  108  11:05  Roach x4  
  114  11:13  Roach x3  
Show
View Real Time Build Order
Export as new Build Order

ZergGirl Zerg 

Build Orders: Hatch First 

Get SALT Encoding   

  12  0:01  Drone  
  13  0:12  Overlord  
  13  0:18  Drone  
  14  0:31  Drone x2  
  16  0:35  Drone  
  17  0:53  Hatchery  
  17  0:56  Drone  
  17  1:00  Drone  
  18  1:15  Spawning Pool  
  18  1:17  Drone  
  18  1:21  Drone  
  19  1:28  Overlord  
  19  1:43  Extractor  
  18  2:02  Queen  
  18  2:05  Spine Crawler, Zergling x6  
  18  2:06  Queen  
  24  2:09  Zergling x2  
  24  2:24  Zergling x2  
  23  2:55  Queen  
  23  2:56  Queen  
  23  2:57  Zergling x4  
  26  3:04  Zergling x2  
  27  3:09  Zergling x4  
  29  3:18  Zergling x4  
  30  3:21  Zergling x2  
  27  3:36  Queen  
  27  3:39  Drone  
  28  3:49  Baneling Nest  
  28  3:51  Zergling x2  
  28  3:58  Drone x2  
  28  4:16  Overlord  
  28  4:22  Spine Crawler  
  28  4:23  Drone x2  
  29  4:25  Drone  
  30  4:34  Baneling x2  
  30  4:44  Zergling x6  
  32  4:51  Zergling x4  
  33  4:56  Drone  
  33  4:58  Drone  
  35  5:04  Zergling x6  
  38  5:11  Zergling x2  
  39  5:20  Zergling x4  
  41  5:21  Metabolic Boost  
  35  5:30  Drone  
  35  5:33  Baneling x2  
  36  5:37  Drone  
  36  5:40  Drone  
  38  5:49  Drone  
  39  5:56  Drone  
  39  5:57  Drone x2  
  36  5:59  Drone  
  36  6:09  Zergling x4  
  36  6:10  Zergling x2  
  39  6:19  Baneling x4  
  39  6:20  Drone x3  
  40  6:27  Drone  
  40  6:32  Drone x2  
  43  6:36  Drone  
  42  6:47  Zergling x4  
  42  6:53  Baneling x2  
  43  6:59  Overlord, Extractor  
  43  7:00  Roach Warren  
  41  7:02  Overlord, Evolution Chamber  
  40  7:10  Drone x3  
  43  7:17  Lair  
  43  7:18  Drone  
  43  7:19  Drone  
  43  7:20  Drone  
  46  7:23  Drone  
  46  7:25  Drone  
  46  7:27  Drone  
  46  7:29  Drone  
  50  7:30  Drone  
  51  7:37  Zerg Missile Weapons Level 1  
  51  7:40  Extractor  
  51  7:41  Zergling x4  
  52  7:44  Drone  
  52  7:45  Drone x2  
  54  7:52  Zergling x4  
  56  8:06  Drone x3  
  56  8:10  Hatchery  
  56  8:11  Zergling x4  
  59  8:15  Baneling x2  
  59  8:17  Glial Reconstitution  
  59  8:23  Overlord  
  59  8:24  Overlord  
  59  8:26  Overseer  
  57  8:37  Roach  
  57  8:38  Overlord x2  
  59  8:46  Extractor  
  58  8:52  Roach x5  
  58  8:55  Roach x3  
  73  9:00  Roach x2  
  77  9:04  Roach x2  
  80  9:11  Drone x3  
  82  9:22  Roach x4  
  83  9:28  Roach  
  83  9:29  Roach x2  
  83  9:37  Roach  
  83  9:38  Roach x2  
  81  9:43  Roach x2  
  83  9:56  Roach x4  
  79  10:01  Roach x2  
  81  10:15  Zergling x2  
  81  10:20  Drone x4  
  86  10:23  Drone  
  86  10:26  Drone  
  86  10:27  Drone  
  86  10:28  Drone  
  90  10:40  Overlord x3  
  90  10:48  Overlord x2  
  90  11:00  Roach x3  
  90  11:01  Roach x3  
  94  11:06  Roach x3  
  85  11:13  Roach x2  
  85  11:17  Roach  
  85  11:18  Roach  
  69  11:21  Roach  
  69  11:23  Ravager x2  
  69  11:24  Ravager x2  
Tags
 
Add a new tag
Caveats
  • Supply blocks, unpowered buildings, or Contaminate may cause inaccurate times.
  • Supply counts are checked every 10 seconds.